 Dungeon Crawl Stone Soup version 0.18.1-8-gdd0e5ea (webtiles) character file.

94054 Heskey the Warrior (level 16, -1/210 HPs)
             Began as a Merfolk Fighter on June 9, 2016.
             Was the Champion of Makhleb.
             Killed by divine providence
             ... invoked by Saint Roka
              (14 damage)
             ... on level 2 of the Orcish Mines.
             The game lasted 01:15:33 (26526 turns).

Heskey the Warrior (Merfolk Fighter)               Turns: 26526, Time: 01:15:34

Health: -1/210     AC: 26    Str: 34    XL:     16   Next: 10%
Magic:  22/22      EV: 11    Int:  7    God:    Makhleb [******]
Gold:   1582       SH: 23    Dex: 20    Spells: 0 memorised, 15 levels left

rFire  . . .     SeeInvis .     a - +6 trident (venom)
rCold  . . .     Gourm    .     S - +2 shadow dragon armour
rNeg   . . .     Faith    .     c - +2 shield
rPois  .         Spirit   .     Z - +1 hat {MR+}
rElec  .         Dismiss  .     w - +2 cloak
rCorr  .         Reflect  +     o - +0 pair of gloves of Monotheism {*Confuse Regen+ Dex+5 Stlth+}
SustAt .         Harm     .     j - +0 pair of boots
MR     ++...     Rnd*Rage +     L - +6 amulet of reflection
Stlth  ..........               W - +4 ring of strength
                                z - +3 ring of strength

@: berserking, afraid, very quick, very resistant to hostile enchantments,
extremely unstealthy
A: change form in water, swift swim, slimy green scales 1, berserk 1, mutation
resistance 1
a: Minor Destruction, Lesser Servant of Makhleb, Major Destruction, Greater
Servant of Makhleb, Renounce Religion


You were on level 2 of the Orcish Mines.
You worshipped Makhleb.
Makhleb was exalted by your worship.
You were not hungry.

You visited 4 branches of the dungeon, and saw 26 of its levels.

You collected 2003 gold pieces.
You spent 421 gold pieces at shops.

Inventory:

Hand Weapons
 a - a +6 trident of venom (weapon)
 b - a +3 trident of venom
Missiles
 m - 8 tomahawks of returning (quivered)
Armour
 c - a +2 shield (worn)
 j - a +0 pair of boots (worn)
 o - the +0 pair of gloves of Monotheism (worn) {*Confuse Regen+ Dex+5 Stlth+}
   (You bought it in a shop on level 5 of the Dungeon)

   It affects your dexterity (+5).
   It increases your rate of regeneration.
   It may confuse you when you take damage.
   It makes you more stealthy.
 w - a +2 cloak (worn)
 B - the +2 ring mail of Fasches {rElec}
   (You found it on level 9 of the Dungeon)

   It insulates you from electricity.
 S - a +2 shadow dragon armour (worn)
 Z - a +1 hat of magic resistance (worn)
Jewellery
 p - an uncursed ring of positive energy
 z - a +3 ring of strength (left hand)
 L - a +6 amulet of reflection (around neck)
 R - an uncursed ring of resist corrosion
 W - a +4 ring of strength (right hand)
Wands
 u - a wand of enslavement (7/24)
 x - a wand of lightning (8/15)
 A - a wand of disintegration (12/24)
 E - a wand of teleportation (5/9)
 F - a wand of digging (9/24)
 H - a wand of paralysis (10/24)
 K - a wand of acid (7/15)
 O - a wand of random effects (16/48)
Scrolls
 d - a scroll of holy word
 e - 5 scrolls of identify
 k - 7 scrolls of teleportation
 l - 13 scrolls of remove curse
 t - a scroll of enchant weapon
 v - 4 scrolls of amnesia
 G - 3 scrolls of magic mapping
 J - a scroll of enchant armour
 P - 3 scrolls of blinking
 Y - a scroll of fear
Potions
 r - a potion of brilliance
 s - 5 potions of curing
 C - a potion of beneficial mutation
 I - a potion of invisibility {unknown}
 M - 2 potions of might
 Q - a potion of berserk rage
 V - 2 potions of agility
Miscellaneous
 h - a crystal ball of energy
 y - a crystal ball of energy
 T - a stone of tremors
 U - a fan of gales
Comestibles
 f - 20 bread rations
 g - 7 beef jerkies
 i - 8 meat rations
 n - 5 slices of pizza
 q - 26 fruits
 D - 9 royal jellies


   Skills:
 * Level 16.8 Fighting
 + Level 16.4 Polearms
 * Level 10.8 Armour
 - Level 3.5 Dodging
 - Level 2.0 Stealth
 + Level 12.6 Shields
 - Level 9.0 Invocations


You had 15 spell levels left.
You didn't know any spells.

Dungeon Overview and Level Annotations

Branches:
Dungeon (15/15)            Temple (1/1) D:7            Lair (8/8) D:10
 Shoals (0/4) Lair:4        Snake (0/4) Lair:4        Slime (0/6) Lair:7
    Orc (2/2) D:11         Vaults (0/5) D:13         Depths (0/5) D:15
    Elf: Orc:2

Altars:
Cheibriados
Elyvilon
Fedhas
Kikubaaqudgha
Makhleb
Nemelex Xobeh
Okawaru
Qazlal
Ru
Yredelemnul

Shops:
D:4 *   D:5 *((   D:7 ?}   D:9 :   D:12 %%}**   Orc:1 !

Annotations:
Orc:2 Saint Roka; juanjsm's ghost, journeyman SpEn


Innate Abilities, Weirdness & Mutations

You revert to your normal form in water.
You are very nimble and swift while swimming.
You are partially covered in slimy green scales (AC +2).
You tend to lose your temper in combat.
You are somewhat resistant to further mutation.


Message History

You block the orc warrior's attack.
You impale the troll!!
You kill the troll!
Makhleb accepts your kill.
The orc warrior no longer looks unusually strong.
You block the warg's attack.
Saint Roka roars a battlecry!
The orc warrior goes into a battle-frenzy!
You block Saint Roka's attack.
You hit the orc warrior.
The orc warrior is poisoned.
The orc warrior is lightly wounded.
You block the warg's attack. You block the orc priest's attack.
Juanjsm's ghost hits you.
* * * LOW HITPOINT WARNING * * *
You hit the orc warrior.
The orc warrior looks even sicker.
The orc warrior is moderately wounded.
You block the orc warrior's attack. x2; The warg bites you but does no damage.
Saint Roka invokes the aid of Beogh against you.
Beogh smites you!
You die...

.#.............
.......$.......
.#..............
................
..........$.....
.......o........
......ohoo#.....
......)@oo......
......hWoo......
.......To.......
................
...........#...#
.....#...... ...
............. ..
.............. .
.....#.......#


You could see Saint Roka, a troll, 2 wargs, 4 orc warriors, an orc priest,
juanjsm's ghost and 3 orcs.

Vanquished Creatures
  Gastronok (Orc:1)
  Maud (Orc:2)
  A vault guard (D:13)
  A fire dragon (D:15)
  A yaktaur captain (D:15)
  Josephine (Lair:6)
  8 hydras
  4 catoblepae
  5 centaur warriors
  An ogre mage (D:15)
  3 tengu warriors
  26 death yaks
  A fire crab (D:15)
  Nergalle (D:11)
  A wizard (D:15)
  2 deep trolls (D:15)
  4 unseen horrors
  Pikel (D:6)
  8 hill giants
  An orc knight (D:15)
  A griffon (D:15)
  A necromancer (D:11)
  7 ugly things
  A wolf spider (D:15)
  2 cyclopes
  A siren (Lair:4)
  5 black mambas
  Joseph (D:7)
  A gargoyle (D:15)
  9 spiny frogs
  3 kobold demonologists (D:15)
  A yaktaur (D:15)
  2 rime drakes
  An efreet (D:15)
  5 komodo dragons
  3 polar bears
  12 slime creatures
  8 trolls
  3 two-headed ogres
  Prince Ribbit (D:8)
  A harpy skeleton (D:14)
  16 blink frogs
  A boulder beetle (Lair:7)
  A water elemental (D:15)
  6 wyverns
  A centaur simulacrum (D:15)
  23 yaks
  6 wraiths
  A steam dragon (D:11)
  A redback simulacrum (D:15)
  8 vampire mosquitoes
  3 hungry ghosts
  3 wargs
  12 hippogriffs
  A harpy simulacrum (D:15)
  2 mottled dragons (D:13)
  Edmund (D:6)
  11 water moccasins
  6 porcupines
  2 eyes of draining
  15 orc warriors
  5 ice beasts
  4 sky beasts
  2 phantoms
  3 wasps (D:8)
  A black bear (shapeshifter) (D:15)
  An eye of draining (shapeshifter) (D:15)
  A necrophage (D:8)
  3 slaves (D:6)
  A boggart (shapeshifter) (D:14)
  8 ogres
  16 centaurs
  4 wolves
  10 crocodiles
  4 big kobolds
  20 giant frogs
  A wyvern skeleton (D:10)
  4 scorpions
  A water moccasin skeleton (D:9)
  11 killer bees
  10 wights
  9 electric eels (D:8)
  5 howler monkeys
  10 crimson imps
  A giant frog zombie (D:10)
  3 centaur zombies
  9 hounds
  3 jellies
  A quasit (D:8)
  5 centaur skeletons
  13 orc priests
  18 orc wizards
  A giant frog skeleton (D:10)
  10 iguanas
  An iron imp (D:7)
  2 hell rats (D:10)
  9 worker ants
  2 polar bear simulacra (D:11)
  3 yak simulacra (D:11)
  2 wolf simulacra (D:11)
  12 sheep
  A worker ant zombie (D:8)
  A howler monkey zombie (D:9)
  Robin (D:3)
  14 adders
  75 river rats
  5 shadow imps
  2 white imps (D:15)
  3 ufetubi (D:15)
  An ooze (D:3)
  2 adder skeletons
  5 worms
  3 dart slugs
  7 giant geckos
  53 orcs
  3 ball pythons
  7 giant cockroaches
  19 goblins
  14 hobgoblins
  9 jackals
  3 quokkas
  6 bats
  7 giant newts
  21 kobolds
  A quokka zombie (D:8)
  22 rats
  2 river rat simulacra (D:11)
777 creatures vanquished.

Vanquished Creatures (collateral kills)
  A skeletal warrior (D:15)
1 creature vanquished.

Vanquished Creatures (others)
  Nessos (Lair:8)
  A centaur warrior (D:14)
  A cyclops (D:13)
  3 centaurs
  A jelly (shapeshifter) (D:14)
  An orc wizard (D:10)
  7 fungi
  11 plants
26 creatures vanquished.

Grand Total: 804 creatures vanquished

Notes
Turn   | Place    | Note
--------------------------------------------------------------
     0 | D:1      | Heskey the Merfolk Fighter began the quest for the Orb.
     0 | D:1      | Reached XP level 1. HP: 18/18 MP: 1/1
    91 | D:1      | Reached XP level 2. HP: 13/24 MP: 2/2
   619 | D:1      | Reached skill level 1 in Dodging
   658 | D:1      | Reached XP level 3. HP: 29/29 MP: 3/3
  1268 | D:2      | Reached XP level 4. HP: 10/37 MP: 4/4
  1848 | D:2      | Found a basalt altar of Yredelemnul.
  2238 | D:2      | Found a blossoming altar of Fedhas.
  2448 | D:3      | Reached XP level 5. HP: 37/42 MP: 5/5
  2845 | D:3      | Reached XP level 6. HP: 48/48 MP: 6/6
  3196 | D:3      | Noticed an orc warrior
  3225 | D:3      | Killed an orc warrior
  3744 | D:3      | Noticed Robin
  3770 | D:3      | Killed Robin
  4134 | D:4      | Reached skill level 5 in Polearms
  4134 | D:4      | Reached XP level 7. HP: 47/55 MP: 7/7
  4224 | D:4      | Found a burning altar of Makhleb.
  4229 | D:4      | Found a stormy altar of Qazlal.
  4250 | D:4      | Became a worshipper of Makhleb the Destroyer
  4324 | D:4      | Found Zaetota's General Store.
  4351 | D:4      | Found a white marble altar of Elyvilon.
  4438 | D:5      | Entered Level 5 of the Dungeon
  4441 | D:5      | Found Veagipto's Weapon Shoppe.
  4723 | D:5      | Found Poecuent's Assorted Antiques.
  4729 | D:5      | Bought a pair of distressingly furry gloves for 190 gold pieces
  4734 | D:5      | Identified the cursed +0 pair of gloves of Monotheism {*Confuse Regen+ Dex+5 Stlth+} (You bought it in a shop on level 5 of the Dungeon)
  4791 | D:5      | Reached skill level 5 in Shields
  4810 | D:5      | Reached skill level 5 in Fighting
  4840 | D:5      | Found a sparkling altar of Nemelex Xobeh.
  5005 | D:5      | Found Alofreto's Weapon Emporium.
  5234 | D:6      | Reached XP level 8. HP: 10/62 MP: 8/8
  5673 | D:6      | Noticed Pikel
  5725 | D:6      | Killed Pikel
  5841 | D:6      | Noticed Edmund
  5854 | D:6      | Killed Edmund
  5854 | D:6      | Reached * piety under Makhleb
  6086 | D:7      | Found a staircase to the Ecumenical Temple.
  6122 | D:7      | Found Ighu's Gadget Emporium.
  6285 | D:7      | Reached XP level 9. HP: 57/71 MP: 9/9
  6341 | D:7      | Found Houcucau's Magic Scroll Shop.
  6347 | D:7      | Bought a scroll of enchant weapon for 75 gold pieces
  6405 | D:7      | Found a snail-covered altar of Cheibriados.
  6419 | D:7      | Noticed Joseph
  6437 | D:7      | Killed Joseph
  6437 | D:7      | Reached skill level 1 in Stealth
  7494 | Temple   | Entered the Ecumenical Temple
  7535 | D:8      | Found an iron altar of Okawaru.
  7950 | D:9      | Got a heavily runed ring mail
  7952 | D:9      | Identified the +2 ring mail of Fasches {rElec} (You found it on level 9 of the Dungeon)
  8120 | D:9      | Reached ** piety under Makhleb
  8220 | D:9      | Found Kerhiefy's Book Boutique.
  8252 | D:9      | Reached XP level 10. HP: 82/82 MP: 10/10
  8268 | D:9      | Found a sacrificial altar of Ru.
  8612 | D:8      | Reached skill level 5 in Armour
  8719 | D:7      | Reached skill level 10 in Polearms
  9047 | D:8      | Reached *** piety under Makhleb
  9250 | D:8      | Noticed Prince Ribbit
  9261 | D:8      | Killed Prince Ribbit
 10492 | D:10     | Entered Level 10 of the Dungeon
 10534 | D:10     | Found a staircase to the Lair.
 10575 | D:10     | Found an ancient bone altar of Kikubaaqudgha.
 10640 | D:10     | Reached **** piety under Makhleb
 10643 | D:10     | Reached skill level 10 in Fighting
 10979 | D:10     | Noticed a hill giant
 11000 | D:10     | Killed a hill giant
 11000 | D:10     | Reached XP level 11. HP: 59/92 MP: 11/11
 11062 | D:10     | Killed an unseen horror
 11119 | D:10     | Reached skill level 1 in Invocations
 11199 | D:10     | Noticed a hill giant
 11218 | D:10     | Killed a hill giant
 11382 | D:11     | Found a staircase to the Orcish Mines.
 11477 | D:11     | Reached ***** piety under Makhleb
 11573 | D:11     | Noticed a hill giant
 11585 | D:11     | Killed a hill giant
 11621 | D:11     | Noticed Nergalle
 11626 | D:11     | Noticed a spectral orc warlord
 11652 | D:11     | Killed Nergalle
 11793 | D:11     | Noticed a necromancer
 12298 | D:11     | Killed a necromancer
 12719 | D:12     | Found Lyhippog's General Store.
 12729 | D:12     | Bought a scroll of enchant weapon for 112 gold pieces
 12742 | D:12     | Found Xasaergh's Gadget Shop.
 12877 | D:12     | Noticed a five-headed hydra
 12886 | D:12     | Killed a five-headed hydra
 12886 | D:12     | Reached XP level 12. HP: 79/101 MP: 14/14
 12971 | D:12     | Found Bech's Food Boutique.
 13004 | D:12     | Found Dalyer's Food Shop.
 13250 | D:12     | Got a crude hat
 13256 | D:12     | Identified the +0 hat of Elitism {+Blink} (You found it on level 12 of the Dungeon)
 13277 | D:12     | Found Zetacher's General Store.
 13378 | D:13     | Noticed a tengu warrior
 13383 | D:13     | Noticed a centaur warrior
 13383 | D:13     | Noticed a centaur warrior
 13401 | D:12     | Killed a tengu warrior
 13469 | D:12     | Killed a centaur warrior
 13493 | D:12     | Killed a centaur warrior
 13502 | D:12     | Reached skill level 10 in Shields
 13796 | D:13     | Found a gate to the Vaults.
 13796 | D:13     | Noticed a vault guard
 13836 | D:13     | Killed a vault guard
 13958 | D:13     | Reached skill level 5 in Invocations
 14100 | D:13     | Reached ****** piety under Makhleb
 14473 | D:14     | Reached XP level 13. HP: 111/111 MP: 17/17
 14769 | D:15     | Entered Level 15 of the Dungeon
 14783 | D:15     | Paralysed by a wizard for 6 turns
 15716 | D:15     | Noticed a fire dragon
 16168 | D:15     | Gained mutation: You are partially covered in slimy green scales (AC +2). [potion of mutation]
 16168 | D:15     | Gained mutation: You tend to lose your temper in combat. [potion of mutation]
 16168 | D:15     | Gained mutation: You are somewhat resistant to further mutation. [potion of mutation]
 16799 | D:15     | Reached XP level 14. HP: 32/121 MP: 19/19
 16819 | D:15     | HP: 6/121 [deep troll (2)]
 17248 | D:15     | Found a staircase to the Depths.
 17729 | Lair:1   | Entered Level 1 of the Lair of Beasts
 18079 | Lair:1   | Reached skill level 15 in Fighting
 19176 | Lair:2   | Reached skill level 15 in Polearms
 20076 | Lair:2   | Identified a scroll of acquirement
 21060 | Lair:4   | Found a staircase to the Snake Pit.
 21129 | Lair:4   | Found a staircase to the Shoals.
 21614 | Lair:5   | Reached XP level 15. HP: 129/129 MP: 21/21
 22399 | Lair:6   | Noticed Josephine
 22428 | Lair:6   | Killed Josephine
 23170 | Lair:7   | Found a staircase to the Slime Pits.
 23616 | Lair:7   | Reached skill level 10 in Armour
 24081 | Lair:8   | Entered Level 8 of the Lair of Beasts
 24134 | Lair:8   | Noticed Nessos
 24137 | Lair:8   | Killed Nessos
 25546 | Orc:1    | Entered Level 1 of the Orcish Mines
 25760 | Orc:1    | Reached XP level 16. HP: 139/139 MP: 22/22
 25761 | Orc:1    | Noticed Gastronok
 25770 | Orc:1    | Found Relophi's Distillery.
 25783 | Orc:1    | Killed Gastronok
 25836 | Orc:1    | Bought a potion of might for 44 gold pieces
 26477 | Orc:2    | Entered Level 2 of the Orcish Mines
 26477 | Orc:2    | Noticed juanjsm's ghost (journeyman SpEn)
 26484 | Orc:2    | Noticed Maud
 26486 | Orc:2    | Noticed Saint Roka
 26507 | Orc:2    | Killed Maud
 26526 | Orc:2    | Killed from afar by Saint Roka

Skill      XL: |  1  2  3  4  5  6  7  8  9 10 11 12 13 14 15 |
---------------+----------------------------------------------+-----
Dodging        | 1 2 3 |  3.5
Polearms       | 4 5 6 7 9 11 12 13 14 15 16 | 16.4
Fighting       | 4 5 6 8 10 11 13 14 15 16 | 16.8
Armour         | 3 4 5 6 7 8 9 10 | 10.8
Shields        | 4 5 6 7 8 9 10 11 12 | 12.6
Stealth        | 1 2 |  2.0
Invocations    | 3 5 7 9 |  9.0

Action                   |  1- 3 |  4- 6 |  7- 9 | 10-12 | 13-15 | 16-18 || total
-------------------------+-------+-------+-------+-------+-------+-------++-------
Melee: Trident           |   185 |   292 |   540 |  1083 |  1869 |    70 ||  4039
       Tailslap          |       |       |       |    12 |       |       ||    12
Evoke: Wand              |       |       |       |     3 |     3 |       ||     6
  Use: Potion            |       |     5 |     4 |     3 |     7 |     2 ||    21
       Scroll            |       |    10 |    10 |     9 |    16 |     7 ||    52
 Stab: Distracted        |       |     1 |       |     1 |       |       ||     2
       Sleeping          |       |       |       |     2 |       |       ||     2
       Paralysed         |       |       |       |     1 |       |       ||     1
  Eat: Chunk             |       |    11 |     6 |     9 |    21 |     1 ||    48
       Meat ration       |       |       |     1 |     1 |     3 |       ||     5
       Bread ration      |       |       |     1 |     1 |     1 |       ||     3
       Beef jerky        |       |       |     1 |       |     3 |       ||     4
       Fruit             |       |       |     1 |       |     2 |       ||     3
       Pizza             |       |       |       |     1 |     3 |     1 ||     5
       Royal jelly       |       |       |       |     2 |       |       ||     2
Armor: Scale mail        |    82 |    55 |       |       |       |       ||   137
       Skin              |       |     3 |       |       |       |       ||     3
       Chain mail        |       |    32 |   209 |   412 |   222 |       ||   875
       Ring mail         |       |       |       |     5 |       |       ||     5
       Plate armour      |       |       |       |       |   240 |     1 ||   241
       Shadow dragon arm |       |       |       |       |       |    44 ||    44
Dodge: Dodged            |    57 |    69 |   124 |   199 |   194 |    38 ||   681
Block: Shield            |    83 |   122 |   278 |   493 |  1093 |   110 ||  2179
       Reflection        |       |       |       |    15 |    34 |       ||    49
